 Dungeon Crawl Stone Soup version 0.26.0-16-gc1dbca0489 (webtiles) character file.

Game seed: 14703633814242020380

32 kaeus the Skirmisher (level 3, -7/29 HPs)
             Began as a Demonspawn Fighter on Jan 21, 2021.
             Mangled by a gnoll
             ... wielding a +0 flail
              (9 damage)
             ... on level 1 of the Dungeon.
             The game lasted 00:01:00 (983 turns).

kaeus the Skirmisher (Demonspawn Fighter)            Turns: 983, Time: 00:01:00

Health: -7/29      AC:  6    Str: 17    XL:     3   Next: 8%
Magic:  3/3        EV:  7    Int:  9    God:
Gold:   31         SH:  9    Dex: 12    Spells: 2/2 levels left

rFire    . . .     SeeInvis .   a - +0 war axe
rCold    . . .     Faith    .   c - +0 kite shield
rNeg     . . .     Spirit   .   b - +0 scale mail
rPois    .         Reflect  .   (helmet restricted)
rElec    .         Harm     .   (no cloak)
rCorr    .         Rampage  .   (no gloves)
Will     .....                  (no boots)
Stlth    ..........             (no amulet)
HPRegen  0.09/turn              (no ring)
MPRegen  0.08/turn              (no ring)

@: no status effects
A: antennae 1
a: no special abilities


You were on level 1 of the Dungeon.
You visited 1 branch of the dungeon, and saw 2 of its levels.

You collected 31 gold pieces.

Inventory:

Hand Weapons
 a - a +0 war axe (weapon)
Armour
 b - a +0 scale mail (worn)
 c - a +0 kite shield (worn)
Scrolls
 e - a scroll of magic mapping {unknown}
 g - a scroll of amnesia {unknown}
 h - a scroll of identify {unknown}
Potions
 d - a potion of might
 f - a potion of berserk rage {unknown}


   Skills:
 + Level 3.3 Fighting
 + Level 2.1 Axes
 + Level 3.1 Armour
 + Level 3.0 Shields


You had 2 spell levels left.
You didn't know any spells.
Your spell library was empty.

Dungeon Overview and Level Annotations

Branches:
Dungeon (2/15)

Altars:
Ashenzari


Innate Abilities, Weirdness & Mutations

You have a pair of small antennae on your head.


Message History

You are too injured to fight recklessly!
You are too injured to fight recklessly!
You are too injured to fight recklessly!
You block the gnoll's attack. The kobold hits you but does no damage.
The gnoll barely misses you. You block the gnoll's attack.
There is a stone staircase leading up here.
The kobold hits you but does no damage.
The gnoll hits you from afar with a +0 spear.
* * * LOW HITPOINT WARNING * * *
The gnoll closely misses you.
You climb upwards.
There is a stone staircase leading down here.
You barely miss the gnoll. You barely miss the kobold.
You barely miss the gnoll. The gnoll hits you with a +0 whip.
* * * LOW HITPOINT WARNING * * *
The kobold hits you with a +0 short sword.
* * * LOW HITPOINT WARNING * * *
The gnoll hits you with a +0 flail!
You die...

#.#### ######....# #....#
#.........# ####.###########
#.........# #...........#
#.........# #####.......#
#.........# #.......#
#.........# #.......#
#..........
#....gK.####.####.##.#
#....@..'.....# #.##.#
#...g...#####.# #.#...
#.......# #.# #.####
#.......## #.# #.....
###########.#.#..####.########
#.............................
#.####.....8.....8.###.#######
#.# #.......[.....###.## #.#
#.....)........##..#


You could see 2 gnolls and a kobold.

Vanquished Creatures
  2 dart slugs (D:1)
  2 leopard geckos
  3 bats (D:1)
  A giant cockroach (D:1)
  7 goblins
  A hobgoblin (D:1)
  2 ball pythons (D:1)
  2 frilled lizards (D:1)
  2 kobolds (D:1)
  2 rats
24 creatures vanquished.

Notes
Turn   | Place    | Note
-------+----------+-------------------------------------------
     0 | D:1      | kaeus the Demonspawn Fighter began the quest for the Orb.
     0 | D:1      | Reached XP level 1. HP: 18/18 MP: 1/1
   207 | D:1      | Gained mutation: You have a pair of small antennae on your
                  | head. [demonic ancestry]
   207 | D:1      | Reached XP level 2. HP: 13/24 MP: 2/2
   756 | D:1      | Reached XP level 3. HP: 23/29 MP: 3/3
   972 | D:2      | Found a broken altar of Ashenzari.
   983 | D:1      | Mangled by a gnoll

Illustrated notes

Levels and vault maps discovered:
D:1:      giann_bridges, layout_basic, st_stairs_1
D:2:      layout_basic, ashenzari_altar_1, uniq_crazy_yiuf_cottage

Skill      XL: |  1  2 |
---------------+-------+-----
Axes           | 2 |  2.1
Armour         | 3 |  3.1
Shields        | 3 |  3.0
Fighting       | |  3.3

Action                   || total
-------------------------++-------
Melee: War axe           ||    65
Armor: Scale mail        ||    39
Dodge: Dodged            ||    27
Block: Kite shield       ||    39
